 Dungeon Crawl Stone Soup version 0.31-a0-187-gba352fbbf7 (webtiles) character file.

Game seed: 2993075622757662825

57 qw the Shooter (level 3, -3/20 HPs)
             Began as a Deep Elf Hunter on June 22, 2023.
             Killed from afar by a white imp (5 damage)
             ... with a puff of frost
             ... on level 3 of the Dungeon.
             The game lasted 00:00:33 (1875 turns).

qw the Shooter (Deep Elf Hunter)                    Turns: 1875, Time: 00:00:34

Health: -3/20      AC:  5    Str: 10    XL:     3   Next: 73%
Magic:  5/5        EV: 11    Int: 13    God:
Gold:   105        SH:  0    Dex: 18    Spells: 2/2 levels left

rFire   . . .        Y - +0 shortbow (elec)
rCold   . . .        (shield currently unavailable)
rNeg    . . .        f - +0 ring mail
rPois   .            (no helmet)
rElec   .            (no cloak)
rCorr   .            (no gloves)
SInv    .            (no boots)
Will    .....        (no amulet)
Stlth   +            (no ring)
HPRegen 0.23/turn    (no ring)
MPRegen 0.09/turn

%: no passive effects
@: about to teleport
A: no striking features
a: no special abilities


You were on level 3 of the Dungeon.
You visited 1 branch of the dungeon, and saw 3 of its levels.

You collected 105 gold pieces.


   Skills:
 - Level 1.5 Fighting
 + Level 7.2 Ranged Weapons
 - Level 2.4 Dodging
 - Level 1.2 Stealth


You had 2 spell levels left.
You didn't know any spells.
Your spell library was empty.

Inventory:

Hand Weapons
 Y - a +0 shortbow of electrocution (weapon)
Armour
 f - a +0 ring mail (worn)
Scrolls
 g - 2 scrolls of identify
Potions
 b - a potion of curing {unknown}
 d - a potion of heal wounds
 e - a potion of lignification {unknown}

Dungeon Overview and Level Annotations

Branches:
Dungeon (3/15)

Altars:


Message History

You see here a +0 robe.
A rat comes into view.
Enter note: You shoot an arrow.
The arrow closely misses the rat.
You shoot an arrow. The arrow hits the rat.
Lightning courses through the rat!
You kill the rat!
Found a stone staircase leading down.
Enter note:
Found a book of Conjurations.
Enter note: You see here a book of Party Tricks.
There is a stone staircase leading down here.
You see here a book of Conjurations.
You now have 105 gold pieces (gained 7).
A rat comes into view.
Enter note: You shoot an arrow.
The arrow hits the rat!
Lightning courses through the rat!!
You kill the rat!
You hear a shout!
A white imp comes into view.
Found a scroll labelled DYEPNE PU KAE.
The white imp shouts!
Enter note: You shoot an arrow.
The arrow hits the white imp but does no damage.
You shoot an arrow. The arrow closely misses the white imp.
The white imp hits you. The white imp freezes you.
The white imp barely misses you.
You shoot an arrow. The arrow barely misses the white imp.
The white imp hits you. The white imp freezes you.
You shoot an arrow. The arrow hits the white imp!
The white imp is severely wounded.
The white imp gestures at you. The puff of frost hits you.
1875 ||| READING scroll of teleportation.
As you read the scroll of teleportation, it crumbles to dust.
You feel strangely unstable. The white imp gestures at you.
The puff of frost hits you.
You die...

#.##############.
#.# #...... ##.#
#.##### #..# #
#.## # #.# # #.#
# #.####### #
#@....... .
#...?.5.#######
#.#####.# ..# ###


You could see a white imp.

Vanquished Creatures
  2 adders
  A dart slug (D:1)
  An orc (D:3)
  An endoplasm (D:2)
  3 giant cockroaches (D:1)
  5 hobgoblins
  3 jackals (D:3)
  4 kobolds
  A quokka (D:2)
  2 ball pythons
  2 bats
  4 frilled lizards
  3 goblins
  2 rats (D:3)
34 creatures vanquished.

Notes
Turn   | Place    | Note
-------+----------+-------------------------------------------
     0 | D:1      | qw the Deep Elf Hunter began the quest for the Orb.
     0 | D:1      | Reached XP level 1. HP: 12/12 MP: 3/3
     0 | D:1      | 0 ||| qw: Version: 0.3-a-9-g12657ce
     0 | D:1      | 0 ||| qw: Game counter: 2577
     0 | D:1      | 0 ||| qw: Always use a shield: true
     0 | D:1      | 0 ||| qw: God list: Okawaru
     0 | D:1      | 0 ||| qw: Allow faded altars: false
     0 | D:1      | 0 ||| qw: Do Orc after D:15 true
     0 | D:1      | 0 ||| qw: Do second Lair branch before Depths: true
     0 | D:1      | 0 ||| qw: Lair rune preference: random
     0 | D:1      | 0 ||| qw: Plans: Normal
     0 | D:1      | 0 ||| PLANNING D:1-11
   316 | D:1      | Reached skill level 6 in Ranged Weapons
   316 | D:1      | Reached XP level 2. HP: 16/16 MP: 4/4
   718 | D:1      | 718 ||| UPGRADING to +0 ring mail.
   728 | D:1      | 728 ||| DROPPING +0 leather armour.
   729 | D:1      | 729 ||| READING scroll labelled JUEMYG HUAVVED.
   730 | D:1      | 730 ||| READING 2 scrolls labelled FEMONT CISKE.
   731 | D:1      | 731 ||| READING scroll labelled YLLEUCRAPAN.
   732 | D:1      | 732 ||| READING scroll labelled DODWALLUECKO.
   733 | D:1      | 733 ||| DROPPING scroll of butterflies.
   735 | D:1      | 735 ||| Stepping ~*~*~tactically~*~*~ (cloud).
   736 | D:1      | HP: 4/16 [poisoned by you (poison gas)]
   740 | D:1      | HP: 1/16 [poisoned by you (poison gas)]
   967 | D:2      | Found a faded altar of an unknown god.
  1557 | D:2      | Reached XP level 3. HP: 20/20 MP: 5/5
  1583 | D:2      | 1583 ||| READING scroll labelled SOFICE EMENK.
  1588 | D:2      | 1588 ||| DRINKING 2 puce potions.
  1589 | D:2      | 1589 ||| DRINKING 2 clear potions.
  1590 | D:2      | 1590 ||| DRINKING 2 green potions.
  1591 | D:2      | 1591 ||| DROPPING potion of invisibility.
  1592 | D:2      | 1592 ||| DROPPING potion of attraction.
  1721 | D:3      | Reached skill level 7 in Ranged Weapons
  1874 | D:3      | HP: 2/20 [white imp/puff of frost (6)]
  1875 | D:3      | 1875 ||| READING scroll of teleportation.
  1875 | D:3      | Killed from afar by a white imp

Levels and vault maps discovered:
D:1:      ncdulo_halloftheorcs, layout_basic
D:2:      layout_loops_ring, hellmonk_ecumenical_altar_zigzags,
          minmay_quadrilaterals
D:3:      layout_loops_ring

Skill      XL: |  1  2  3 |
---------------+----------+-----
Ranged Weapons | 6 7 |  7.2
Fighting       | |  1.5
Dodging        | |  2.4
Stealth        | |  1.2

Action                     || total
---------------------------++-------
   Fire: Shortbow          ||    86
    Use: Scroll            ||     6
         Potion            ||     3
 Armour: Leather armour    ||     6
         Ring mail         ||     3
  Dodge: Dodged            ||    20

Table legend:
 A = Non-vault XP
 B = Vault XP
 C = Vault XP percentage of total XP
 D = Non-vault monster count
 E = Vault monster count
 F = Vault count percentage of total count
                 A         B        C        D         E       F
            +---------+---------+-------+---------+---------+-------
      Total |      78 |       4 |   4.9 |      32 |       2 |   5.9
            +---------+---------+-------+---------+---------+-------
        D:1 |      23 |       0 |   0.0 |      13 |       0 |   0.0
        D:2 |      23 |       4 |  14.8 |       7 |       2 |  22.2
        D:3 |      32 |       0 |   0.0 |      12 |       0 |   0.0
            +---------+---------+-------+---------+---------+-------
